Map: Junção Kairos LE

Players

Vicster

  • Race: Terran Terran
  • League: Gold
  • Spawn Location: 5:00

JimydeReynor - Winner!

  • Race: Protoss Protoss
  • League: Gold
  • Spawn Location: 11:00

VOD

Have the link to the VOD?

Description

Time

  • Played on: Jan. 6, 2019, 4:15 p.m.
  • Length: 17:43
Show
View Real Time Build Order
Export as new Build Order

Vicster Terran 

Build Orders: Mech 

Get SALT Encoding   

  12  0:00  SCV  
  13  0:16  Supply Depot  
  13  0:17  SCV  
  14  0:29  SCV  
  15  0:41  SCV  
  15  0:42  Barracks  
  16  0:53  SCV  
  16  0:55  Refinery  
  17  1:05  SCV  
  18  1:18  SCV  
  19  1:30  Marine, SCV  
  21  1:42  Orbital Command  
  21  1:51  Command Center  
  21  2:08  SCV  
  22  2:16  Barracks Tech Lab  
  22  2:18  Factory  
  22  2:20  SCV  
  23  2:26  Supply Depot  
  23  2:47  SCV  
  24  2:55  Bunker  
  23  2:59  SCV  
  25  3:06  Orbital Command  
  25  3:11  SCV, Supply Depot  
  25  3:19  Siege Tank  
  28  3:21  Refinery  
  28  3:23  SCV  
  29  3:36  SCV  
  30  3:48  SCV  
  31  3:52  SCV  
  32  4:00  SCV, Siege Tank  
  36  4:06  Command Center  
  36  4:12  SCV  
  36  4:14  SCV  
  38  4:23  Engineering Bay  
  38  4:24  SCV  
  38  4:26  SCV  
  38  4:28  Factory  
  40  4:35  Factory  
  40  4:36  SCV  
  42  4:38  SCV  
  42  4:49  Siege Tank  
  45  4:56  Missile Turret  
  45  4:58  Missile Turret  
  45  5:04  SCV  
  45  5:05  SCV  
  47  5:08  Missile Turret  
  47  5:16  Armory, SCV  
  47  5:17  Factory Reactor, SCV  
  49  5:22  Orbital Command  
  49  5:27  Refinery  
  49  5:28  Refinery, SCV  
  50  5:29  SCV  
  50  5:33  Missile Turret  
  51  5:40  SCV  
  51  5:41  Factory Reactor, Supply Depot  
  52  5:47  Factory  
  52  5:52  SCV x2  
  54  6:00  SCV  
  55  6:04  SCV  
  55  6:09  Thor  
  62  6:13  Command Center  
  62  6:18  Missile Turret  
  62  6:31  Missile Turret  
  62  6:32  Missile Turret  
  62  6:33  Missile Turret  
  62  6:34  Hellion x2  
  62  6:35  Hellion  
  68  6:40  Factory Tech Lab, Missile Turret  
  68  6:42  Factory  
  68  7:06  Missile Turret, Orbital Command  
  68  7:18  Thor  
  68  7:20  Hellion  
  76  7:24  Thor  
  76  7:25  Hellion  
  76  7:29  Infernal Pre-Igniter  
  84  7:32  Factory Tech Lab  
  84  7:40  Supply Depot  
  84  7:41  Supply Depot  
  84  7:42  Terran Vehicle Weapons Level 1  
  84  7:54  Armory  
  84  7:56  Hellion x3  
  90  7:59  SCV x2  
  90  8:01  Thor, SCV  
  99  8:11  Orbital Command  
  99  8:18  Command Center  
  99  8:20  Refinery, Hellion  
  99  8:21  Hellion  
  103  8:29  Supply Depot  
  103  8:51  Thor x2  
  103  8:52  Supply Depot  
  115  8:57  SCV  
  116  9:04  Orbital Command  
  116  9:14  SCV x2, Hellion x3  
  116  9:16  Supply Depot  
  124  9:29  SCV x3  
  127  9:31  Refinery  
  127  9:33  Thor x2  
  127  9:35  SCV  
  125  9:39  Terran Vehicle Weapons Level 2  
  125  9:40  Terran Vehicle And Ship Armor Level 1  
  125  9:42  SCV x3  
  125  9:45  Refinery  
  98  9:46  Refinery  
  98  9:48  SCV  
  85  9:54  SCV x3  
  79  10:00  SCV  
  79  10:06  Thor, SCV x2  
  86  10:08  Hellion x4  
  93  10:16  Thor  
  93  10:17  Barracks  
  97  10:24  SCV x2  
  92  10:43  Hellion x2  
  92  10:44  Hellion x3  
  104  10:50  Hellion  
  96  10:59  Thor  
  100  11:05  Thor  
  100  11:10  Thor  
  112  11:14  Factory  
  112  11:16  SCV  
  112  11:17  Factory  
  113  11:18  Factory  
  113  11:24  SCV x3  
  116  11:28  SCV  
  116  11:29  Orbital Command  
  117  11:36  SCV x3  
  120  11:41  SCV  
  121  11:49  SCV x3  
  121  11:53  SCV  
  125  11:55  Hellion x3  
  125  11:59  Command Center  
  131  12:01  SCV x2  
  131  12:02  SCV  
  131  12:04  Factory x2  
  131  12:05  SCV  
  131  12:06  Factory Tech Lab  
  135  12:08  Factory Tech Lab  
  135  12:11  Factory  
  135  12:21  Supply Depot  
  135  12:27  Terran Vehicle Weapons Level 3, Terran Vehicle And Ship Armor Level 2  
  135  12:34  Missile Turret x2  
  135  12:35  Factory Tech Lab  
  135  12:42  Thor x2  
  147  12:44  Supply Depot  
  147  13:05  Thor  
  147  13:06  SCV x2  
  147  13:08  Supply Depot  
  147  13:09  Supply Depot  
  147  13:11  Thor x2, SCV  
  168  13:13  Supply Depot  
  168  13:18  SCV  
  169  13:22  SCV  
  170  13:30  SCV x2, Hellion x3  
  170  13:31  SCV x2, Hellion x3, Supply Depot  
  186  13:35  SCV, Hellion  
  189  13:42  SCV  
  190  13:49  Hellion  
  190  13:51  Hellion  
  190  13:52  Thor  
  200  13:59  Supply Depot  
  195  14:03  Thor  
  174  14:14  Thor  
  174  14:15  Thor x3  
  170  14:31  Hellion x5  
  168  14:35  Thor  
  167  14:39  Command Center  
  165  14:46  Thor  
  165  14:52  Hellion  
  173  14:57  Thor  
  179  15:01  Command Center  
  179  15:11  Thor  
  179  15:12  Thor  
  173  15:20  Thor  
  145  15:21  Thor  
  119  15:38  Orbital Command  
  107  15:44  SCV x3  
  110  15:55  Command Center  
  110  15:56  SCV x2  
  112  15:57  Refinery  
  112  16:06  Command Center  
  98  16:15  Thor x2  
  98  16:16  Thor  
  85  16:34  Factory Tech Lab x2  
  71  16:58  Thor  
Show
View Real Time Build Order
Export as new Build Order

JimydeReynor Protoss - Winner!

Build Orders: Double Forge 

Get SALT Encoding   

  12  0:01  Probe  
  13  0:13  Probe  
  14  0:19  Pylon  
  14  0:25  Probe  
  15  0:37  Probe  
  15  0:40  Gateway  
  16  0:49  Probe  
  17  0:53  Assimilator  
  17  0:57  Probe  
  17  0:59  Assimilator  
  18  1:05  Probe  
  19  1:15  Probe  
  20  1:28  Probe  
  20  1:30  Cybernetics Core  
  20  1:32  Gateway  
  21  1:37  Probe, Pylon  
  21  1:45  Probe  
  23  1:54  Probe  
  23  1:57  Warp Gate  
  24  2:12  Adept  
  26  2:19  Adept  
  26  2:22  Probe  
  29  2:30  Nexus  
  29  2:34  Probe  
  30  3:04  Pylon  
  30  3:06  Probe  
  31  3:15  Pylon  
  31  3:20  Assimilator  
  31  3:22  Assimilator, Stalker x2  
  31  3:26  Stargate  
  35  3:36  Probe  
  36  3:52  Probe  
  36  3:55  Probe  
  37  4:00  Probe  
  38  4:03  Probe  
  38  4:09  Probe  
  40  4:10  Robotics Facility  
  40  4:11  Probe  
  42  4:18  Void Ray  
  42  4:23  Probe  
  47  4:26  Pylon  
  47  4:38  Probe, Forge x2  
  47  4:41  Probe  
  49  4:46  Probe  
  49  4:50  Probe  
  50  4:54  Probe  
  50  4:58  Probe  
  52  5:01  Void Ray, Immortal  
  61  5:07  Probe, Pylon  
  61  5:10  Probe  
  63  5:18  Probe  
  63  5:19  Probe  
  63  5:20  Protoss Ground Weapons Level 1  
  64  5:21  Protoss Ground Armor Level 1  
  65  5:30  Probe  
  65  5:31  Probe  
  67  5:41  Immortal  
  71  5:44  Void Ray  
  71  5:45  Stalker  
  77  5:58  Probe  
  78  6:05  Pylon  
  78  6:09  Pylon  
  78  6:15  Pylon  
  78  6:18  Pylon  
  78  6:19  Probe  
  78  6:23  Probe  
  80  6:27  Void Ray, Probe, Nexus  
  80  6:28  Protoss Air Weapons Level 1  
  80  6:30  Assimilator  
  85  6:36  Immortal  
  89  6:46  Probe  
  89  6:47  Probe  
  91  6:57  Gateway  
  91  6:59  Gateway, Probe  
  92  7:02  Gateway  
  92  7:11  Void Ray  
  96  7:21  Assimilator  
  96  7:41  Stargate  
  96  7:42  Stargate  
  100  7:44  Immortal  
  100  7:47  Probe  
  101  7:51  Probe  
  101  7:53  Void Ray  
  101  7:55  Probe  
  106  8:03  Twilight Council  
  106  8:04  Probe x2  
  108  8:08  Fleet Beacon  
  109  8:14  Protoss Air Armor Level 1  
  109  8:16  Probe  
  110  8:23  Probe  
  111  8:32  Robotics Bay  
  111  8:35  Probe  
  112  8:42  Stalker x4  
  112  8:43  Stalker  
  112  8:45  Blink  
  112  8:47  Probe  
  123  8:54  Templar Archives  
  123  8:59  Probe  
  124  9:07  Protoss Ground Weapons Level 2, Protoss Ground Armor Level 2  
  124  9:18  Pylon  
  124  9:21  Pylon  
  124  9:23  Pylon  
  124  9:25  Pylon  
  124  9:28  Pylon  
  124  9:30  Pylon  
  124  9:33  Immortal  
  124  9:36  Carrier  
  96  10:00  Stalker x2  
  96  10:01  Stalker x3  
  96  10:05  Carrier  
  96  10:36  Nexus  
  96  10:37  Assimilator  
  96  10:38  Pylon  
  96  10:41  Assimilator  
  96  10:42  Stalker x4, Pylon  
  96  10:43  Stalker  
  96  10:44  Pylon  
  96  10:45  Pylon  
  96  10:48  Immortal, Pylon x2  
  96  10:49  Psionic Storm  
  102  10:53  Pylon  
  102  10:56  Robotics Facility  
  96  11:00  Robotics Facility  
  96  11:02  Robotics Facility, Carrier  
  90  11:12  Carrier  
  102  11:30  Stalker  
  102  11:32  Stalker x2  
  106  11:34  Stalker  
  110  11:51  Probe  
  110  11:53  Probe  
  112  11:55  Probe  
  112  11:58  Carrier  
  113  12:03  Probe, Immortal x2  
  113  12:05  Probe  
  113  12:07  Probe  
  130  12:14  Void Ray  
  134  12:15  Probe  
  134  12:17  Probe  
  134  12:18  Probe  
  137  12:26  Probe  
  137  12:29  Probe  
  138  12:32  Probe  
  138  12:34  Probe  
  138  12:35  Stalker x4  
  138  12:36  Stalker  
  150  12:41  Probe  
  152  12:45  Probe  
  153  12:52  Colossus  
  153  12:53  Colossus  
  169  12:58  Immortal  
  169  13:19  Nexus  
  169  13:22  Assimilator  
  169  13:26  Assimilator  
  169  13:32  Pylon  
  169  13:36  Pylon  
  167  14:15  Stalker  
  169  14:17  Stalker x3  
  169  14:19  Stalker  
  153  14:49  Immortal  
  147  14:54  Stalker x3  
  147  14:55  Stalker x2  
  147  14:59  Immortal  
  165  15:04  Void Ray x3  
  159  15:19  Stalker x4  
  159  15:20  Stalker  
  135  15:28  Immortal  
  131  15:38  Immortal  
  131  15:46  Void Ray  
  131  15:47  Void Ray x2, Immortal x2  
  151  16:08  Immortal  
  147  16:17  Immortal  
  141  16:26  Immortal x2  
  141  16:29  Void Ray x3  
  161  16:43  Stalker x4  
  161  16:44  Stalker  
  171  16:58  Immortal x2  
  195  17:31  Stalker x2  
Tags
 
Composition
Mech
League
GoldGold
Matchup
PvT
Replay Pack
Vicster replay
Spawn Locations
Cross Positions
Add a new tag
Caveats
  • Supply blocks, unpowered buildings, or Contaminate may cause inaccurate times.
  • Supply counts are checked every 10 seconds.